 Dungeon Crawl Stone Soup version 0.32-a0-656-g3542139 (webtiles) character file.

Game seed: 9384734733377638124

4507 kickassninja the Cleaver (level 10, -1/88 HPs)
             Began as a Mountain Dwarf Fighter on Mar 8, 2024.
             Was a Priest of Okawaru.
             Killed from afar by an acid dragon (21 damage)
             ... with a splash of acid
             ... on level 8 of the Dungeon.
             The game lasted 00:23:15 (9481 turns).

kickassninja the Cleaver (Mountain Dwarf Fighter)   Turns: 9481, Time: 00:23:16

Health: -1/88      AC: 14    Str: 23    XL:     10   Next: 16%
Magic:  13/15      EV:  8    Int:  9    God:    Okawaru [***...]
Gold:   580        SH:  6    Dex:  9    Spells: 9/9 levels left

rFire   . . .        a - +2 whip (elec)
rCold   + . .        A - +0 buckler
rNeg    . . .        v - +0 plate armour
rPois   .            (no helmet)
rElec   .            e - +0 cloak
rCorr   .            E - +2 pair of gloves
SInv    .            D - +0 pair of boots
Will    +....        (no amulet) Stlth
                     L - ring of flight
HPRegen 0.34/turn    c - ring of protection from cold
MPRegen 0.14/turn

%: no passive effects
@: heroic, corroded, flying
A: runic magic, artefact enchanting
a: Renounce Religion, Heroism


You were on level 8 of the Dungeon.
You worshipped Okawaru.
Okawaru was most pleased with you.
You visited 2 branches of the dungeon, and saw 9 of its levels.

You collected 580 gold pieces.


Innate Abilities, Weirdness & Mutations

Your spellcasting is much less encumbered by armour.
You can use scrolls of enchantment on lesser artefacts.


   Skills:
 + Level 8.1(13.1) Fighting
 * Level 11.6(16.6) Axes
 + Level 8.1(13.1) Armour
 - Level 4.4(9.4) Shields
 + Level 7.3 Invocations


You had 9 spell levels left.
You didn't know any spells.
Your spell library contained the following spells:

 Spells                   Type           Power      Damage    Failure   Level
 Foxfire                  Conj/Fire      0%         2x1d4     63%         1
 Freeze                   Ice            0%         1d3       63%         1
 Frozen Ramparts          Ice            0%         1d1       94%         3
 Hailstorm                Conj/Ice       0%         3d5       94%         3
 Cause Fear               Hex            0%         N/A       100%        4
 Fireball                 Conj/Fire      0%         3d3       100%        5
 Plasma Beam              Fire/Air       0%         2x1d10    100%        6
 Starburst                Conj/Fire      0%         6d3       100%        6
 Summon Ice Beast         Ice/Summ       Unusable   N/A       N/A         3
 Sculpt Simulacrum        Ice/Alch       Unusable   N/A       N/A         6
 Dragon's Call            Summ           Unusable   N/A       N/A         9

Inventory:

Hand Weapons
 a - a +2 whip of electrocution (weapon)
 b - a +2 heavy sling
 F - a +3 war axe
Missiles
 l - 13 boomerangs (quivered)
 o - a throwing net {=f}
 q - 17 poisoned darts
Armour
 e - a +0 cloak (worn)
 v - a +0 plate armour (worn)
 A - a +0 buckler (worn)
 D - a +0 pair of boots (worn)
 E - a +2 pair of gloves (worn)
Magical Staves
 B - a staff of conjuration {!a}
Jewellery
 c - a ring of protection from cold (right hand)
 C - a ring of protection from cold
 L - a ring of flight (left hand)
Wands
 x - a wand of flame (24)
Scrolls
 g - 2 scrolls of revelation {unknown}
 h - 7 scrolls of teleportation {@r2}
 r - a scroll of fear
 s - 2 scrolls of enchant armour
 t - a scroll of enchant weapon {unknown}
 u - 2 scrolls of poison
 y - a scroll of identify {@r1}
 z - 2 scrolls of butterflies
 G - a scroll of vulnerability {unknown}
Potions
 d - a potion of might
 f - 2 potions of enlightenment
 i - 2 potions of attraction
 j - 3 potions of magic
 k - 2 potions of haste {@q3}
 m - a potion of cancellation {unknown}
 n - 2 potions of mutation {unknown}
 p - 2 potions of curing {unknown}
 w - a potion of brilliance {unknown}

Dungeon Overview and Level Annotations

Branches:
Dungeon (8/15)             Temple (1/1) D:5
   Lair: D:8-11

Altars:
Ashenzari
Cheibriados
Dithmenos
Elyvilon
Fedhas
Gozag
Kikubaaqudgha
Makhleb
Nemelex Xobeh
Okawaru
Qazlal
Ru
Sif Muna
Uskayaw
Vehumet
Wu Jian
Xom
Zin

Shops:
D:2

: #.......##
#(.......# #........#
...... #........+
......# #.......#
#.....# #.......##
##....## #...D....#
#.....##
#...@....#...#.......
#........#...#.....†.
#........#...#.......
#........#...#.......
#........#...#.....##
#.......##...#.....##
#.......##...##....##
#.......##...##....##
#........'.........#.


You could see an acid dragon (catching breath).


Message History

You hit the acid dragon but do no damage.
The acid dragon bites you but does no damage.
The acid dragon closely misses you.
You hit the acid dragon.
The acid dragon is lightly wounded.
You hit the acid dragon.
The acid dragon is moderately wounded.
The acid dragon bites you!
The acid dragon claws you but does no damage.
You hit the acid dragon.
The acid dragon is heavily wounded.
You block the acid dragon's attack. The acid dragon closely misses you.
You closely miss the acid dragon.
The acid dragon is heavily wounded.
The acid dragon spits acid at you. The splash of acid hits you!!
* * * LOW HITPOINT WARNING * * *
You hit the acid dragon but do no damage.
The acid dragon is heavily wounded.
Use which ability? (? or * to list)
You gain the combat prowess of a mighty hero.
The acid dragon bites you!
* * * LOW HITPOINT WARNING * * *
The acid dragon barely misses you.
You hit the acid dragon.
Lightning courses through the acid dragon!
The acid dragon is almost dead.
The acid dragon spits acid at you. The splash of acid hits you!!
You die...

Skill      XL: |  1  2  3  4  5  6  7  8  9 10 |
---------------+-------------------------------+-----
Axes           | 3 4 5 6 7 9 11 | 11.6
Shields        | 4 |  4.4
Armour         | 4 5 6 7 8 |  8.1
Fighting       | 4 5 6 7 8 |  8.1
Invocations    | 2 5 7 |  7.3

Action                     |  1- 3 |  4- 6 |  7- 9 | 10-12 || total
---------------------------+-------+-------+-------+-------++-------
  Melee: War axe           |   108 |   228 |     6 |       ||   342
         Whip              |       |       |   522 |    79 ||   601
   Fire: Sling             |       |       |     9 |       ||     9
 Invoke: Heroism           |       |       |     3 |     3 ||     6
    Use: Scroll            |       |     4 |     6 |       ||    10
         Potion            |       |       |     3 |       ||     3
 Armour: Scale mail        |    77 |    29 |       |       ||   106
         Chain mail        |       |   145 |       |       ||   145
         Plate armour      |       |    68 |   454 |    74 ||   596
  Dodge: Dodged            |    40 |    78 |   109 |    17 ||   244
  Block: Buckler           |    23 |    69 |    83 |    10 ||   185

Levels and vault maps discovered:
D:1:      minmay_arrival_glassed_features, layout_loops_cross
D:2:      layout_loops_ring, serial_shops, nicolae_shop_just_a_little_nook
D:3:      layout_basic, eat_drink_and_be_merry_uskayaw, grunt_ministairs_6
D:4:      layout_basic, grunt_decor_junction
D:5:      minmay_octagon_keep, layout_basic, nzn_wu_jian_contemplation,
          makhleb_blood_cavern_becter, minmay_temple_entry_ruins
D:6:      layout_rooms, chequers_serial_rivers_large_b, uniq_blork_the_orc
D:7:      layout_loops_cross, mainiacjoe_overflow_alcove_4,
          mainiacjoe_overflow_paths, grunt_dithmenos_shadows, slow_altar_1,
          grunt_ministairs_9, uniq_maggie, uniq_menkaure
D:8:      layout_gridville, nicolae_elyvilon_peaceful_grove,
          chequers_serial_rivers_micro_e, kennysheep_potato
Temple:   eino_wide_crystal_templ

Notes
Turn   | Place    | Note
-------+----------+-------------------------------------------
     0 | D:1      | kickassninja the Mountain Dwarf Fighter began the quest for
                  | the Orb.
     0 | D:1      | Reached XP level 1. HP: 19/19 MP: 1/1
   166 | D:1      | Reached XP level 2. HP: 23/26 MP: 2/2
   227 | D:1      | Reached skill level 3 in Axes
   277 | D:1      | Upgraded the game from 0.32-a0-653-gee4d739 to
                  | 0.32-a0-656-g3542139
   721 | D:2      | Reached XP level 3. HP: 31/31 MP: 3/3
   723 | D:2      | Found Yjy Ivvu's Book Boutique.
  1127 | D:2      | Reached XP level 4. HP: 39/40 MP: 4/4
  1629 | D:3      | Reached skill level 4 in Axes
  1793 | D:3      | Reached skill level 4 in Shields
  1816 | D:3      | Found a hide-covered altar of Uskayaw.
  1840 | D:3      | Reached skill level 4 in Armour
  1972 | D:3      | Reached skill level 4 in Fighting
  2358 | D:3      | Reached XP level 5. HP: 39/46 MP: 5/5
  2893 | D:4      | Reached skill level 5 in Axes
  3036 | D:4      | Reached XP level 6. HP: 34/53 MP: 6/6
  3474 | D:5      | Entered Level 5 of the Dungeon
  3546 | D:5      | Found a staircase to the Ecumenical Temple.
  3563 | Temple   | Entered the Ecumenical Temple
  3582 | Temple   | Became a worshipper of Warmaster Okawaru
  3759 | Temple   | Reached skill level 6 in Axes
  3786 | Temple   | Reached skill level 5 in Fighting
  3786 | Temple   | Reached skill level 5 in Armour
  3786 | Temple   | Reached XP level 7. HP: 11/61 MP: 7/7
  4216 | D:5      | Reached skill level 1 in Invocations
  4433 | D:5      | Reached * piety under Okawaru
  4606 | D:5      | Found a burning altar of Makhleb.
  4616 | D:5      | Reached skill level 7 in Axes
  4658 | D:5      | Reached skill level 2 in Invocations
  4699 | D:5      | Reached XP level 8. HP: 36/70 MP: 8/10
  4890 | D:5      | Reached ** piety under Okawaru
  4891 | D:5      | Reached skill level 3 in Invocations
  5031 | D:5      | Found an ornate altar of the Wu Jian Council.
  5107 | D:6      | Reached skill level 8 in Axes
  5147 | D:6      | Reached skill level 6 in Armour
  5231 | D:6      | Reached skill level 6 in Fighting
  5451 | D:6      | Reached skill level 4 in Invocations
  5692 | D:6      | Noticed Blork the orc
  5703 | D:6      | Killed Blork the orc
  5704 | D:6      | Reached skill level 9 in Axes
  6506 | D:7      | Found a snail-covered altar of Cheibriados.
  6518 | D:7      | Reached skill level 5 in Invocations
  6518 | D:7      | Reached XP level 9. HP: 78/78 MP: 12/12
  6565 | D:7      | HP: 1/70 [wight/+4 scimitar (8)]
  6728 | D:7      | Identified the +7 dagger of Mourning {freeze, rC+ Will+}
  6764 | D:7      | Reached skill level 7 in Armour
  6902 | D:7      | Reached *** piety under Okawaru
  6903 | D:7      | Reached skill level 7 in Fighting
  6916 | D:7      | Reached skill level 10 in Axes
  7162 | D:7      | Found a shimmering altar of Xom.
  7355 | D:7      | Reached skill level 6 in Invocations
  7551 | D:7      | Noticed Menkaure
  7565 | D:7      | Killed Menkaure
  7757 | D:7      | Found a shadowy altar of Dithmenos.
  7858 | D:7      | Noticed Maggie
  7872 | D:7      | Killed Maggie
  7873 | D:7      | Reached skill level 11 in Axes
  8051 | D:7      | Found a glowing silver altar of Zin.
  8460 | D:8      | Reached **** piety under Okawaru
  8461 | D:8      | Reached skill level 7 in Invocations
  8461 | D:8      | Reached XP level 10. HP: 83/88 MP: 15/15
  8603 | D:8      | Paralysed by a hornet for 3 turns
  8621 | D:8      | Reached skill level 8 in Armour
  8969 | D:8      | Reached skill level 8 in Fighting
  9418 | D:8      | Found a white marble altar of Elyvilon.
  9481 | D:8      | Killed from afar by an acid dragon

Vanquished Creatures
  Maggie (D:7)
  A hornet (D:8)
  A vampire (D:5)
  A steam dragon (D:6)
  Menkaure (D:7)
  3 black bears
  An orc warrior (D:8)
  3 ogres
  3 ice beasts
  2 centaurs (D:7)
  4 phantoms
  A kobold brigand (D:8)
  Blork the orc (D:6)
  A bullfrog (D:7)
  2 gnoll sergeants (D:5)
  4 scorpions
  11 wights
  2 howler monkeys (D:7)
  2 electric eels (D:8)
  A bombardier beetle (D:5)
  6 orc priests
  7 hounds
  3 jellies
  A sleepcap (D:4)
  2 iguanas
  5 orc wizards
  8 gnolls
  8 adders
  A shadow imp (D:7)
  2 white imps (D:5)
  A ribbon worm (D:7)
  4 dart slugs
  28 orcs
  6 endoplasms
  4 giant cockroaches
  9 goblins
  7 hobgoblins
  11 jackals
  7 quokkas
  5 ball pythons
  3 bats
  A frilled lizard (D:2)
  6 kobolds
  4 rats
185 creatures vanquished.

Vanquished Creatures (others)
  An orc wizard (D:7)
  2 kobolds (D:8)
3 creatures vanquished.

Grand Total: 188 creatures vanquished

Table legend: (Time is in decaauts)
 A = Elapsed time spent in this place.
 B = Non-inter-level travel time spent in this place.
 C = Inter-level travel time spent in this place.
 D = Time resting spent in this place.
 E = Time spent auto-exploring this place.
 F = Levels seen in this place.
 G = Mean time per level.
                   A        B        C        D        E       F      G
               +--------+--------+--------+--------+--------+-----+--------+
         Total |   9498 |   9188 |    310 |   2380 |   4726 |   9 | 1055.3 |
       Dungeon |   9102 |   8820 |    282 |   2081 |   4723 |   8 | 1137.8 |
        Temple |    395 |    367 |     28 |    299 |      3 |   1 |  395.0 |
               +--------+--------+--------+--------+--------+-----+--------+

Top non-repeatable levels by time:
     D:7: 1722 daAuts
     D:5: 1555 daAuts
     D:4: 1178 daAuts
     D:8: 1140 daAuts
     D:6: 1059 daAuts
     D:2: 934 daAuts
     D:3: 884 daAuts
     D:1: 626 daAuts
  Temple: 395 daAuts

Table legend:
 A = Non-vault XP
 B = Vault XP
 C = Vault XP percentage of total XP
 D = Non-vault monster count
 E = Vault monster count
 F = Vault count percentage of total count
                 A         B        C        D         E       F
            +---------+---------+-------+---------+---------+-------
      Total |    4475 |    1964 |  30.5 |     162 |      24 |  12.9
            +---------+---------+-------+---------+---------+-------
        D:1 |      33 |       0 |   0.0 |      17 |       0 |   0.0
        D:2 |      75 |       0 |   0.0 |      19 |       0 |   0.0
        D:3 |      99 |       6 |   5.7 |      20 |       2 |   9.1
        D:4 |     224 |       0 |   0.0 |      22 |       0 |   0.0
        D:5 |     604 |     600 |  49.8 |      18 |      12 |  40.0
        D:6 |     742 |     168 |  18.5 |      13 |       2 |  13.3
        D:7 |    1657 |     919 |  35.7 |      30 |       7 |  18.9
        D:8 |     755 |     271 |  26.4 |      14 |       1 |   6.7
     Temple |     286 |       0 |   0.0 |       9 |       0 |   0.0
            +---------+---------+-------+---------+---------+-------
